 Dungeon Crawl Stone Soup version 0.13-a0-2816-gd8154f0 (console) character file.

363 5ubbak the Charlatan (level 6, -4/46 HPs)
             Began as a Mummy Artificer on Aug 26, 2013.
             Slain by an orc priest
             ... wielding a -1,+0 orcish war axe
              (6 damage)
             ... on Level 4 of the Dungeon.
             The game lasted 00:16:20 (4911 turns).

5ubbak the Charlatan (Mummy Artificer)              Turns: 4911, Time: 00:16:20

HP  -4/46        AC  8     Str 14      XL: 6   Next:  7%
MP   9/9         EV  9     Int 11      God:
Gold 80          SH  0     Dex 14      Spells:  0 memorised,  5 levels left

Res.Fire  : . . .   See Invis. : .   x - +2,+0 long sword
Res.Cold  : + . .   Warding    : .   p - +0 elf ring mail
Life Prot.: + + +   Conserve   : .   (no shield)
Res.Poison: +       Res.Corr.  : .   y - +0 helmet
Res.Elec. : .       Clarity    : .   r - +0 cloak
Sust.Abil.: . .     Spirit.Shd : .   (no gloves)
Res.Mut.  : +       Stasis     : .   j - +0 pair of boots
Res.Rott. : +       Flight     : .   u - amulet of resist mutation
Saprovore : . . .                    (no ring)
                                     v - ring of protection from fire

@: somewhat resistant to hostile enchantments, very unstealthy
A: no food or potions, fire vulnerability, restore body, cold resistance 1, life
protection 3, poison resistance, torment resistance, unbreathing
a: no special abilities


You were on level 4 of the Dungeon.
You were not hungry.

You visited 1 branch of the dungeon, and saw 4 of its levels.

You collected 60 gold pieces.

Inventory:

Hand weapons
 a - a +0,+0 short sword
 m - a +0,+0 elven short sword
 x - a +2,+0 long sword (weapon)
Armour
 e - a +0 leather armour
 j - a +0 pair of boots (worn)
 p - a +0 elven ring mail (worn)
 r - a +0 cloak (worn)
 y - a +0 helmet (worn)
Magical devices
 b - a wand of flame (10)
 c - a wand of enslavement (11)
 d - a wand of random effects (0)
Comestibles
 l - 3 bread rations
Scrolls
 i - a scroll of recharging
 n - 3 scrolls of enchant weapon II {unknown}
 t - a scroll of teleportation {unknown}
 w - a scroll of identify
Jewellery
 f - an uncursed ring of poison resistance
 s - an uncursed ring of positive energy
 u - an amulet of resist mutation (around neck)
 v - a ring of protection from fire (left hand)
Potions
 g - a potion of resistance {unknown}
 h - a potion of restore abilities {unknown}
 k - 3 potions of might {unknown}
 o - 2 potions of cure mutation {unknown}
 q - 2 potions of speed {unknown}
 z - a potion of curing {unknown}
 A - a potion of heal wounds {unknown}


   Skills:
 + Level 2.8 Fighting
 - Level 1.5 Short Blades
 + Level 1.6 Long Blades
 + Level 1.6 Armour
 + Level 2.9 Dodging
 - Level 0.7 Stealth
 + Level 3.5 Evocations


You had 5 spell levels left.
You didn't know any spells.

Dungeon Overview and Level Annotations

Branches:
Dungeon (4/27)
 Temple: D:4-7

Altars:


Innate Abilities, Weirdness & Mutations

You do not eat or drink.
Your flesh is vulnerable to fire.
Your flesh is cold resistant.
You are immune to negative energy.
Your system is resistant to poisons.
You are immune to unholy pain and torment.
You can survive without breathing.


Message History

The orc priest completely misses you.
You hit the orc priest but do no damage.
The orc priest is almost dead.
The orc priest hits you but does no damage.
You completely miss the orc priest.
The orc priest is almost dead.
The orc priest hits you but does no damage.
You hit the orc priest.
The orc priest is almost dead.
The orc priest hits you with an orcish war axe.
You barely miss the orc priest.
The orc priest is almost dead.
The orc priest invokes the aid of Beogh against you.
Something smites you!
* * * LOW HITPOINT WARNING * * *
The orc priest looks braver.
You barely miss the orc priest.
The orc priest is almost dead.
The orc priest hits you with an orcish war axe.
You die...

#.......###..
#.......# ###
#####'### # #..# ..
#.## ##.#
#######+#### .....
###..........#
......)#.'..........#
>......o@#..........#
.......###..........#
..... #..........#
.... #........<.# ...
#..........# .
#..........#
#..........#
#..........#
###..######


You could see an orc priest.

Vanquished Creatures
  A worker ant (D:3)
  An orc priest (D:2)
  2 orc wizards (D:3)
  9 adders
  An inept feature mimic (D:3)
  4 giant geckos
  An ooze (D:1)
  11 orcs
  3 bats
  9 hobgoblins
  14 jackals
  8 kobolds
  A quokka (D:3)
  2 giant newts (D:1)
  15 goblins
  12 rats
94 creatures vanquished.

Vanquished Creatures (collateral kills)
  An orc (D:4)
1 creature vanquished.

Grand Total: 95 creatures vanquished

Notes
Turn   | Place    | Note
--------------------------------------------------------------
     0 | D:1      | 5ubbak, the Mummy Artificer, began the quest for the Orb.
     0 | D:1      | Reached XP level 1. HP: 16/16 MP: 1/1
   310 | D:1      | Reached XP level 2. HP: 22/22 MP: 2/2
   571 | D:1      | Reached skill level 1 in Short Blades
   758 | D:1      | Reached XP level 3. HP: 11/27 MP: 4/4
   981 | D:1      | Reached skill level 3 in Evocations
  1672 | D:2      | Reached XP level 4. HP: 3/33 MP: 6/6
  2677 | D:3      | Reached skill level 1 in Armour
  3401 | D:3      | Reached XP level 5. HP: 39/39 MP: 7/7
  3544 | D:2      | Reached skill level 1 in Long Blades
  4284 | D:4      | Noticed a phantom
  4452 | D:4      | Noticed a sky beast
  4459 | D:3      | Reached XP level 6. HP: 29/46 MP: 9/9
  4910 | D:4      | HP: 1/46 [orc priest/divine providence (13)]
  4911 | D:4      | Slain by an orc priest

Action                   |  1- 3 |  4- 6 || total
-------------------------+-------+-------++-------
Melee: Short sword       |   184 |   104 ||   288
       Long sword        |       |   133 ||   133
Evoke: Wand              |    13 |    11 ||    24
  Use: Scroll            |       |     4 ||     4
